 Dungeon Crawl Stone Soup version 0.22-a0-93-g6b88ebb (webtiles) character file.

166 sankara the Sneak (level 5, -4/38 HPs)
             Began as a Draconian Enchanter on Jan 24, 2018.
             Killed from afar by an orc wizard (6 damage)
             ... with a magic dart
             ... on level 3 of the Dungeon.
             The game lasted 00:10:45 (3346 turns).

sankara the Sneak (Draconian Enchanter)             Turns: 3346, Time: 00:10:45

Health: -4/38      AC:  5    Str:  9 (10) XL:     5   Next: 22%
Magic:  6/9        EV: 11    Int: 13 (15) God:
Gold:   210        SH:  4    Dex: 12 (13) Spells: 4/10 levels left

rFire    . . .     SeeInvis .   a - +1 dagger
rCold    . . .     Gourm    .   p - +0 buckler
rNeg     . . .     Faith    .   (armour unavailable)
rPois    .         Spirit   .   (helmet restricted)
rElec    .         Reflect  .   (no cloak)
rCorr    .         Harm     .   (no gloves)
MR       .....                  (no boots)
Stlth    ++........             (no amulet)
HPRegen  0.12/turn              l - ring of wizardry
MPRegen  0.11/turn              (no ring)

@: no status effects
A: unfitting armour, cold-blooded, AC +5
a: no special abilities


You were on level 3 of the Dungeon.
You were not hungry.

You visited 1 branch of the dungeon, and saw 4 of its levels.

You collected 210 gold pieces.

Inventory:

Hand Weapons
 a - a +1 dagger (weapon)
Missiles
 e - 92 stones (quivered)
 q - 5 tomahawks
Armour
 p - a +0 buckler (worn)
Jewellery
 i - an uncursed amulet of faith
 l - a ring of wizardry (left hand)
Wands
 o - a wand of digging (13)
Scrolls
 g - 2 scrolls of amnesia {unknown}
 h - 2 scrolls of identify {unknown}
 j - 2 scrolls of enchant armour {unknown}
 n - 2 scrolls of fear {unknown}
 s - a scroll of remove curse {unknown}
Potions
 d - a potion of might {unknown}
 f - 2 potions of degeneration
 k - a potion of resistance {unknown}
 m - a potion of brilliance {unknown}
Books
 b - a book of Maledictions

   Spells                             Type                      Level
   a - Corona                         Hexes                        1
   b - Ensorcelled Hibernation        Hexes/Ice                    2
   c - Confuse                        Hexes                        3
   d - Tukima's Dance                 Hexes                        3
   e - Dazzling Spray                 Conjuration/Hexes            3
Comestibles
 c - 5 rations
 r - 2 chunks of flesh


   Skills:
 - Level 1.0 Short Blades
 - Level 1.7 Dodging
 + Level 3.8 Stealth
 + Level 1.3 Shields
 + Level 3.2 Spellcasting
 + Level 3.7 Hexes


You had 4 spell levels left.
You knew the following spells:

 Your Spells              Type           Power        Failure   Level  Hunger
a - Corona                Hex            ##.....      2%          1    #......
b - Ensorcelled Hibernat  Hex/Ice        #.....       9%          2    ##.....
c - Confuse               Hex            ##......     9%          3    ###....


Dungeon Overview and Level Annotations

Branches:
Dungeon (4/15)
 Temple: D:4-7

Altars:
Qazlal
Trog

Annotations:
D:3 Paulus's ghost, amateur MiFi


Innate Abilities, Weirdness & Mutations

Your plain brown scales are hard. (AC +5)
You cannot fit into any form of body armour.
You are cold-blooded and may be slowed by cold attacks.


Message History

Your tail-slap misses the orc wizard.
The orc wizard is severely wounded.
The orc wizard hits you with a dagger.
* * * LOW HITPOINT WARNING * * *
You hit the orc wizard. You tail-slap the orc wizard.
The orc wizard is almost dead.
The orc wizard casts a spell at you. The puff of frost hits you!
* * * LOW HITPOINT WARNING * * *
The orc wizard hits you but does no damage.
You barely miss the orc wizard.
The orc wizard is almost dead.
The orc wizard hits you but does no damage.
It was a potion of degeneration.
There was something very wrong with that liquid.
You feel weakened.
You feel dopey.
You feel clumsy. You block the orc wizard's attack.
The orc wizard points at you and mumbles some strange words.
The magic dart hits you!
You die...

.........##
#.......#######
##.####...#
#.............# #.# #...#
####..........# #.# #...#
#..........# #.#
#...###########.........#
#.#
#....)).รท....<#...#######
#.# #.#.###########...#
#.####.#.###########...#
#......#.......@o......##
##########.....##)....>.#
#.....##.......#
#.....##.......#
#.....##.......#
#.....##.......#
#.....##.......#
#.....##.......#
########.......#


You could see an orc wizard.

Vanquished Creatures
  Ijyb (D:3)
  8 adders
  An ooze (D:1)
  2 worms
  2 dart slugs
  3 leopard geckos
  5 orcs
  2 giant cockroaches (D:3)
  2 goblins (D:2)
  8 hobgoblins
  6 bats
  2 frilled lizards
  5 kobolds
  2 rats (D:1)
49 creatures vanquished.

Notes
Turn   | Place    | Note
-------+----------+-------------------------------------------
     0 | D:1      | sankara the Draconian Enchanter began the quest for the Orb.
     0 | D:1      | Reached XP level 1. HP: 14/14 MP: 3/3
   429 | D:1      | Reached XP level 2. HP: 8/20 MP: 3/5
  1460 | D:2      | Learned a level 2 spell: Ensorcelled Hibernation
  1596 | D:2      | Found a faded altar of an unknown god.
  1610 | D:2      | Reached XP level 3. HP: 19/26 MP: 6/6
  2277 | D:2      | Learned a level 3 spell: Confuse
  2527 | D:3      | Reached XP level 4. HP: 33/33 MP: 8/8
  2805 | D:3      | Noticed Paulus's ghost (amateur MiFi)
  2866 | D:3      | Found a bloodstained altar of Trog.
  3088 | D:3      | Reached skill level 1 in Shields
  3106 | D:3      | Found a stormy altar of Qazlal.
  3133 | D:3      | Noticed Ijyb
  3156 | D:3      | Killed Ijyb
  3156 | D:3      | Reached XP level 5. HP: 35/38 MP: 3/9
  3346 | D:3      | Killed from afar by an orc wizard

Vault maps used:
D:1:      sevenhm_arrival_forest_fort_small_6
D:2:      chequers_ecumenical_altar_lobes
D:3:      lemuel_crystal_altar, first_ration, nicolae_qazlal_general_emergency,
          uniq_ijyb
D:4:      old_standard_altar

Skill      XL: |  1  2  3  4 |
---------------+-------------+-----
Stealth        | 3 |  3.8
Hexes          | 3 |  3.7
Spellcasting   | 3 |  3.2
Shields        | 1 |  1.3
Short Blades   | |  1.0
Dodging        | |  1.7

Action                   |  1- 3 |  4- 6 || total
-------------------------+-------+-------++-------
Melee: Dagger            |   103 |    60 ||   163
       Tailslap          |    14 |     3 ||    17
 Cast: Corona            |     7 |     2 ||     9
       Ensorcelled Hiber |     4 |    17 ||    21
       Confuse           |       |     1 ||     1
  Use: Potion            |       |     1 ||     1
 Stab: Sleeping          |    11 |    17 ||    28
       Confused          |       |     4 ||     4
  Eat: Chunk             |     5 |     4 ||     9
Armor: Skin              |    27 |    12 ||    39
Dodge: Dodged            |    53 |    11 ||    64
Block: Buckler           |       |    10 ||    10

Table legend:
 A = Spawn XP
 B = Non-spawn XP
 C = Spawn XP percentage of total XP
 D = Spawn monster count
 E = Non-spawn monster count
 F = Spawn count percentage of total count
 G = Total turns spent on level
                    A         B        C        D         E        F      G
               +---------+---------+-------+---------+---------+-------+---------
         Total |       0 |     238 |   0.0 |       0 |      49 |   0.0 |  3346
               +---------+---------+-------+---------+---------+-------+---------
           D:1 |       0 |      28 |   0.0 |       0 |      14 |   0.0 |  1301
           D:2 |       0 |      67 |   0.0 |       0 |      15 |   0.0 |  1218
           D:3 |       0 |     137 |   0.0 |       0 |      18 |   0.0 |   816
           D:4 |       0 |       6 |   0.0 |       0 |       2 |   0.0 |    11
               +---------+---------+-------+---------+---------+-------+---------
